Map: Alcyone LE

Players

commandeR - Winner!

  • Race: Protoss Protoss
  • League: Diamond
  • Spawn Location: 7:00

电脑难度(新手)

  • Race: Terran Terran
  • Spawn Location: 1:00

VOD

Have the link to the VOD?

Description

Time

  • Played on: Oct. 13, 2024, 2:42 a.m.
  • Length: 6:17
Show
View Real Time Build Order
Export as new Build Order

commandeR Protoss - Winner!

Build Orders:  

Get SALT Encoding   

  12  0:01  Probe  
  13  0:13  Probe  
  14  0:17  Pylon  
  14  0:25  Probe  
  15  0:37  Gateway  
  15  0:39  Probe (Chrono Boost)  
  16  0:49  Probe (Chrono Boost), Assimilator  
  17  0:54  Probe (Chrono Boost)  
  18  1:05  Probe  
  19  1:17  Probe  
  20  1:28  Cybernetics Core  
  20  1:33  Forge  
  20  1:34  Probe  
  21  1:40  Pylon  
  21  1:46  Assimilator, Zealot  
  23  1:58  Probe  
  24  2:10  Photon Cannon, Probe, Adept (Chrono Boost)  
  24  2:14  Warp Gate  
  27  2:18  Shield Battery  
  28  2:25  Photon Cannon  
  27  2:32  Adept  
  29  2:39  Pylon  
  29  2:43  Protoss Ground Weapons Level 1  
  29  3:02  Robotics Facility, Adept  
  29  3:05  Gateway  
  31  3:25  Gateway  
  31  3:26  Gateway  
  31  3:31  Pylon  
  31  3:38  Adept  
  33  3:48  Warp Prism (Chrono Boost)  
  35  4:21  Stalker x3  
  41  4:24  Stalker  
  43  4:49  Pylon  
  43  4:50  Pylon  
  43  4:52  Stalker  
  45  4:55  Stalker  
  47  5:07  Sentry  
  47  5:08  Stalker  
  51  5:30  Stalker x2  
  51  5:32  Sentry  
  57  5:38  Stalker  
Show
View Real Time Build Order
Export as new Build Order

电脑难度(新手) Terran 

Build Orders:  

Get SALT Encoding   

  12  0:00  SCV  
  13  0:13  SCV  
  14  0:19  Supply Depot  
  14  0:36  Refinery  
  14  0:43  Barracks  
  14  1:03  Supply Depot  
  14  1:12  Refinery  
  14  1:30  Orbital Command  
  14  1:31  Marine  
  15  1:56  SCV  
  16  2:08  SCV  
  17  2:20  Marine, SCV  
  19  2:32  SCV  
  20  2:44  SCV  
  21  2:56  SCV  
  22  3:09  Barracks Tech Lab  
  24  3:27  Marauder  
  24  4:18  SCV  
  24  4:36  Marine  
  24  4:39  Supply Depot  
  24  4:44  SCV  
  17  4:56  SCV  
  14  5:05  Marauder  
  12  5:08  SCV  
  11  5:20  SCV  
  6  5:33  SCV  
Tags
 
League
Diamond
Matchup
PvT
Spawn Locations
Cross Positions
Add a new tag
Caveats
  • Supply blocks, unpowered buildings, or Contaminate may cause inaccurate times.
  • Supply counts are checked every 10 seconds.